 Dungeon Crawl Stone Soup version 0.29.1-12-g30fa7ad0bf (webtiles) character file.

Game seed: 9401719727305899487

863 mopl the Sneak (level 7, -1/45 (50) HPs)
             Began as a White Draconian Enchanter on Jan 5, 2023.
             Was an Initiate of Dithmenos.
             Slain by a wight
             ... wielding a +2 halberd
              (7 damage)
             ... on level 6 of the Dungeon.
             The game lasted 00:06:14 (4141 turns).

mopl the Sneak (White Draconian Enchanter)          Turns: 4141, Time: 00:06:14

HP:   -1/45 (50)    AC:  8    Str: 10    XL:     7   Next: 72%
MP:   0/12          EV: 13    Int: 22    God:    Dithmenos [......]
Gold: 282           SH:  0    Dex: 13    Spells: 2/13 levels left

rFire   x . .      SeeInvis .   b - +9 sling of Wiria {venom, rN+ Int+4 Dex+2}
rCold   + + .      Faith    .   (no shield)
rNeg    + . .      Spirit   +   (body armour unavailable)
rPois   .          Reflect  .   (helmet restricted)
rElec   .          Harm     .   (no cloak)
rCorr   .          Rampage  .   s - +0 pair of gloves
Will    .....                   D - +0 pair of boots
Stlth   +++.......              h - amulet of guardian spirit
HPRegen 0.15/turn               y - ring of ice
MPRegen 0.13/turn               (no ring)

@: about to teleport, heavily drained
A: breathe frost, AC +6, unfitting armour, cold resistance 1, cold-blooded
a: Breathe Frost, Renounce Religion


You were on level 6 of the Dungeon.
You worshipped Dithmenos.
Dithmenos was noncommittal.
You visited 2 branches of the dungeon, and saw 7 of its levels.

You collected 282 gold pieces.

Inventory:

Hand Weapons
 a - a +3 dagger of speed
 b - the +9 sling of Wiria (weapon) {venom, rN+ Int+4 Dex+2}
   (You found it on level 3 of the Dungeon)

   Any ammunition fired from it poisons the flesh of those it strikes.
   Int:       It affects your intelligence (+4).
   Dex:       It affects your dexterity (+2).
   rN:        It protects you from negative energy.
 v - a +0 short sword of flaming
Missiles
 g - 2 datura-tipped darts
 l - 6 poisoned darts
 C - 3 boomerangs
 J - 6 silver javelins
 L - a throwing net
Armour
 s - a +0 pair of gloves (worn)
 D - a +0 pair of boots (worn)
Magical Staves
 r - a staff of earth
Jewellery
 h - an amulet of guardian spirit (around neck)
 y - a ring of ice (left hand)
Wands
 F - a wand of roots (11)
 H - a wand of polymorph (3)
 I - a wand of charming (5)
 K - a wand of mindburst (22)
Scrolls
 d - a scroll of poison {unknown}
 f - 2 scrolls of teleportation
 i - a scroll of enchant armour {unknown}
 j - 4 scrolls of fear {unknown}
 n - a scroll of silence {unknown}
 o - a scroll of blinking {unknown}
 q - a scroll of amnesia {unknown}
 u - a scroll of immolation {unknown}
 w - a scroll of vulnerability {unknown}
 x - a scroll of torment {unknown}
 B - 2 scrolls of identify {unknown}
Potions
 c - 2 potions of haste {unknown}
 e - 2 potions of ambrosia {unknown}
 k - a potion of berserk rage {unknown}
 m - 2 potions of degeneration {unknown}
 p - 4 potions of curing {unknown}
 t - a potion of flight {unknown}
 z - 2 potions of heal wounds {unknown}
 A - 3 potions of invisibility
 E - a potion of cancellation {unknown}
 G - a potion of brilliance {unknown}


   Skills:
 + Level 3.3 Short Blades
 + Level 3.4 Dodging
 * Level 5.4 Stealth
 + Level 3.5 Spellcasting
 + Level 4.0 Hexes
 + Level 3.5 Ice Magic


You had 2 spell levels left.
You knew the following spells:

 Your Spells              Type           Power      Damage    Failure   Level
b - Ensorcelled Hibernat  Hex/Ice        60%        N/A       3%          2
c - Confusing Touch       Hex            21%        N/A       7%          3
d - Tukima's Dance        Hex            21%        N/A       7%          3
f - Dazzling Flash        Conj/Hex       24%        N/A       16%         3

Your spell library contained the following spells:

 Spells                   Type           Power      Damage    Failure   Level
 Freeze                   Ice            100%       1d11      2%          1
 Sublimation of Blood     Necr           3%         N/A       19%         2
 Wereblood                Tmut           3%         N/A       19%         2
 Frozen Ramparts          Ice            56%        1d9       9%          3
 Conjure Flame            Conj/Fire      3%         6-21      34%         3
 Gell's Gravitas          Tloc           3%         N/A       34%         3
 Ignite Poison            Fire/Tmut/Pois 3%         N/A       34%         3
 Lesser Beckoning         Tloc           3%         N/A       34%         3
 Teleport Other           Tloc           3%         N/A       34%         3
 Hailstorm                Conj/Ice       17%        3d6       50%         4
 Sticky Flame             Conj/Fire      3%         2d3       75%         4
 Silence                  Hex/Air        6%         N/A       82%         5
 Agony                    Necr           3%         N/A       97%         5
 Dispersal                Tloc           1%         N/A       100%        6
 Summon Hydra             Summ           1%         N/A       100%        7


Dungeon Overview and Level Annotations

Branches:
Dungeon (6/15)             Temple (1/1) D:6

Altars:
Cheibriados
Dithmenos
Fedhas
Hepliaklqana
Nemelex Xobeh
Okawaru
Uskayaw
Vehumet
Wu Jian
Yredelemnul
The Shining One


Innate Abilities, Weirdness & Mutations

You can breathe waves of freezing cold which knock back foes.
Your icy white scales are hard. (AC +6)
You cannot fit into any form of body armour.
Your flesh is cold resistant. (rC+)
You are cold-blooded and may be slowed by cold attacks.


Message History

You climb downwards.
Welcome back to the Ecumenical Temple!
There is a staircase back to the Dungeon here.
You start resting.
Magic restored.
You start resting.
HP restored.
There is a staircase back to the Dungeon here.
You climb upwards.
Welcome back to the Dungeon!
The wight misses you. The wight hits you with a +0 flail!
The wight closely misses you. The wight hits you but does no damage.
The wight barely misses you. The wight closely misses you.
There is a staircase to the Ecumenical Temple, spattered with blood here.
Cast which spell? (? or * to list)
Aiming: Tukima's Dance (dangerous; 7% risk of failure)
Press: ? - help, Shift-Dir - straight line, f - wight
Aim: a wight, wielding a +0 battleaxe and wearing a +0 robe (chance to affect: 53%)
The wight resists with significant effort.
The wight hits you but does no damage. The wight misses you.
The wight hits you with a +0 battleaxe! The wight hits you with a +0 flail!
You partially resist.
You feel drained. The wight closely misses you.
The wight attacks as you move away! The wight hits you with a +0 flail.
You partially resist.
You feel drained. The wight attacks as you move away!
The wight hits you with a +0 battleaxe.
You open the door.
A wight comes into view. It is wielding a +2 battleaxe.
The wight closely misses you. x2
As you read the scroll labelled YTUPUL XERE, it crumbles to dust.
You feel strangely unstable.
It was a scroll of teleportation.
The wight barely misses you.
The wight hits you from afar with a +2 halberd!
* * * LOW HITPOINT WARNING * * *
The wight misses you. The wight hits you with a +2 battleaxe.
* * * LOW HITPOINT WARNING * * *
You partially resist.
You feel drained. The wight closely misses you. x2
The wight attacks as you move away! The wight barely misses you.
The wight attacks as you move away! The wight closely misses you.
The wight hits you from afar with a +2 halberd!
You die...

#..............#
#..........###.#
##........####'###
..........##.....#
#..........#.....#
#....).....#.....###
...........+..>..'.#
...........#..z..#[#
...........#..zz@#.#
..........##...z.#z#
###.....[#####'###z#
................ .#
)....#######..... .#
####.# #.##....# #
#.# #. .... #.# #.
....# #.# # ....#


You could see 4 wights.

Vanquished Creatures
  An ogre (D:5)
  2 scorpions (D:5)
  A wight (D:6)
  A jelly (D:6)
  2 gnoll boudas
  5 hounds
  Jessica (D:2)
  Ijyb (D:5)
  2 iguanas
  7 adders
  12 gnolls
  A shadow imp (D:6)
  2 ufetubi
  2 worms (D:4)
  4 dart slugs
  An orc (D:4)
  8 ball pythons
  4 endoplasms
  A giant cockroach (D:2)
  4 hobgoblins
  3 jackals (D:4)
  2 quokkas
  9 bats
  3 goblins
  2 kobolds
  6 rats
87 creatures vanquished.

Notes
Turn   | Place    | Note
-------+----------+-------------------------------------------
     0 | D:1      | mopl the Draconian Enchanter began the quest for the Orb.
     0 | D:1      | Reached XP level 1. HP: 14/14 MP: 3/3
   100 | D:1      | Found a faded altar of an unknown god.
   148 | D:1      | Reached skill level 3 in Stealth
   148 | D:1      | Reached XP level 2. HP: 16/20 MP: 5/5
   151 | D:1      | Learned a level 2 spell: Ensorcelled Hibernation
   536 | D:2      | Found an iron altar of Okawaru.
   597 | D:2      | Reached skill level 2 in Dodging
   686 | D:2      | Reached XP level 3. HP: 9/26 MP: 2/6
  1248 | D:2      | Noticed Jessica
  1257 | D:2      | Killed Jessica
  1258 | D:2      | Reached skill level 3 in Hexes
  1258 | D:2      | Reached skill level 1 in Ice Magic
  1258 | D:2      | Reached XP level 4. HP: 25/33 MP: 4/7
  1747 | D:3      | Identified the +9 sling of Wiria {venom, rN+ Int+4 Dex+2}
  2146 | D:4      | Reached skill level 2 in Short Blades
  2146 | D:4      | Reached XP level 5. HP: 37/38 MP: 6/8
  2242 | D:4      | Reached skill level 4 in Stealth
  2854 | D:5      | Entered Level 5 of the Dungeon
  2860 | D:5      | Noticed Ijyb
  2864 | D:5      | Reached XP level 6. HP: 45/45 MP: 10/10
  2882 | D:5      | Killed Ijyb
  2924 | D:5      | Learned a level 3 spell: Confusing Touch
  2928 | D:5      | Learned a level 3 spell: Tukima's Dance
  2989 | D:5      | Reached skill level 2 in Ice Magic
  3013 | D:5      | Reached skill level 3 in Spellcasting
  3373 | D:5      | Reached skill level 3 in Dodging
  3471 | D:5      | Your scales start taking on an icy white colour.
  3471 | D:5      | Reached skill level 3 in Ice Magic
  3471 | D:5      | Reached XP level 7. HP: 50/50 MP: 11/11
  3471 | D:5      | Gained mutation: Your flesh is cold resistant. (rC+) [White
                  | Draconian growth]
  3475 | D:5      | Learned a level 3 spell: Dazzling Flash
  3553 | D:5      | Reached skill level 5 in Stealth
  3612 | D:5      | Reached skill level 3 in Short Blades
  3924 | D:6      | Found a staircase to the Ecumenical Temple.
  3931 | Temple   | Entered the Ecumenical Temple
  3958 | Temple   | Became a worshipper of Dithmenos the Shadowed
  3981 | D:6      | Reached skill level 4 in Hexes
  4141 | D:6      | Slain by a wight

Illustrated notes

Levels and vault maps discovered:
D:1:      dpeg_arrival_ternary, layout_basic, ebering_ecumenical_altar_abandoned
D:2:      layout_loops_ring, basic_altar, uniq_jessica
D:3:      layout_basic, minmay_fountain_box
D:4:      layout_gridville
D:5:      layout_basic, uniq_ijyb
D:6:      layout_rooms, temple_green, hangedman_decor_slide_cut
Temple:   mainiacjoe_temple_coin_purse

Skill      XL: |  1  2  3  4  5  6  7 |
---------------+----------------------+-----
Stealth        | 3 4 5 |  5.4
Dodging        | 2 3 |  3.4
Hexes          | 3 4 |  4.0
Ice Magic      | 1 3 |  3.5
Short Blades   | 2 3 |  3.3
Spellcasting   | 3 |  3.5

Action                   |  1- 3 |  4- 6 |  7- 9 || total
-------------------------+-------+-------+-------++-------
Melee: Dagger            |    89 |    31 |       ||   120
       Tailslap          |    10 |     2 |       ||    12
 Fire: Sling             |       |    81 |    41 ||   122
 Cast: Ensorcelled Hiber |     5 |     3 |       ||     8
       Tukima's Dance    |       |       |     1 ||     1
  Use: Scroll            |       |       |     1 ||     1
 Stab: Sleeping          |     7 |     4 |       ||    11
Armor: Skin              |    18 |    16 |     5 ||    39
Dodge: Dodged            |    49 |    30 |    31 ||   110
